Cogmind - Beta 17.1 @@@ ROGUE MODE // 2026.09.24 @ 01:45:28 // Winter2019/RPGLIKE Player: obl-vn Result: Destroyed by C-40 Crusher with Compactor Performance ------------- Evolutions (4) 2000 Regions Visited (15) 3000 Robots Destroyed (438) 2190 Value Destroyed (18071) 18071 Prototype IDs (215) 4300 Alien Tech Used (0) 0 Bonus (11834) 11834 TOTAL SCORE: 41395 Bonus ------- Triggered High Security 1000 High Alert Combat Kills 6855 Follower Combat Kills 148 Hunted by Unchained 500 Entered Garrisons 200 Met Data Miner 300 Used Data Conduit 3000 Pursued by Intercept 500 Friendly Fire -669 Cogmind --------- Core Integrity 0/1350 Matter 194/300 Energy 100/100 System Corruption 32% Temperature Cool (0) Movement Rolling (90) Location -6/Waste Parts ------- > --- POWER (2) -------- (None) > --- PROPULSION (2) --- Armored Huge Wheel > --- UTILITY (11) ----- Core Analyzer Graphene Brace Experimental Thermal Shield Hacking Suite Improved Hacking Suite > --- WEAPON (2) ------- (None) > --- INVENTORY (4) ---- Arc Projector Heavy Shock Bomb Launcher Improved Datajack Powered Hammer Peak State ------------ > --- POWER ------------ Enhanced Nuclear Core Enhanced Nuclear Core > --- PROPULSION ------- Armored Huge Wheel > --- UTILITY ---------- Core Analyzer Armor Integrity Analyzer Particle Charger Damper Plating Graphene Brace Hacking Suite Improved Hacking Suite Improved System Restoration Module > --- WEAPON ----------- Cooled Particle Cannon Heavy Shock Bomb Launcher > --- INVENTORY -------- Protomatter Improved Shield Generator Lightning Gun Cooled Particle Cannon [Rating: 85] Favorites ----------- Power Enhanced Nuclear Core Engine Angular Momentum Engine Power Core Enhanced Nuclear Core Propulsion Armored Huge Wheel Treads Light Treads Wheel Armored Huge Wheel Utility Hacking Suite Device Particle Charger Storage High-capacity Battery Processor Core Analyzer Hackware Hacking Suite Protection Medium Reactive Plating Weapon Cooled Particle Cannon Energy Gun EM Pulse Gun Energy Cannon Cooled Particle Cannon Ballistic Gun Minigun Launcher Heavy Shock Bomb Launcher Build | -11 -10 -10 -10 -9 -8 -8 -7 -7 -7 -7 -7 -7 -6 -6 -6 ------- Run | Yrd Mat Min Exi Min Mat Gar Fac Was Fac Low Low Dat Pro Fac Was Slots Evolved 13 | 1 1 1 . 1 6 1 1 1 . . . . . . . Power 1 | . . . . . . 1 . . . . . . . . . Propulsion 1 | . . . . . 1 . . . . . . . . . . Utility 10 | . 1 1 . 1 5 . 1 1 . . . . . . . Weapon 1 | 1 . . . . . . . . . . . . . . . Parts Attached 73 | 5 7 2 . 1 23 7 14 1 8 . . 4 1 . . Power 9 | 1 1 . . . 1 2 4 . . . . . . . . Engine 7 | 1 1 . . . 1 2 2 . . . . . . . . Core 2 | . . . . . . . 2 . . . . . . . . Reactor . | . . . . . . . . . . . . . . . . Propulsion 3 | 2 . . . . 1 . . . . . . . . . . Treads 1 | 1 . . . . . . . . . . . . . . . Leg . | . . . . . . . . . . . . . . . . Wheel 2 | 1 . . . . 1 . . . . . . . . . . Hover . | . . . . . . . . . . . . . . . . Flight . | . . . . . . . . . . . . . . . . Utility 38 | . 5 1 . 1 12 3 5 1 6 . . 3 1 . . Device 17 | . 2 . . 1 4 2 4 . 2 . . 1 1 . . Storage 3 | . 3 . . . . . . . . . . . . . . Processor 5 | . . . . . 4 . . . 1 . . . . . . Hackware 4 | . . . . . 3 1 . . . . . . . . . Protection 9 | . . 1 . . 1 . 1 1 3 . . 2 . . . Artifact . | . . . . . . . . . . . . . . . . Weapon 23 | 2 1 1 . . 9 2 5 . 2 . . 1 . . . Energy Gun 4 | 2 . . . . 2 . . . . . . . . . . Energy Cannon 9 | . . . . . 4 2 2 . . . . 1 . . . Ballistic Gun 3 | . . . . . 3 . . . . . . . . . . Ballistic Cannon . | . . . . . . . . . . . . . . . . Launcher 7 | . 1 1 . . . . 3 . 2 . . . . . . Special Weapon . | . . . . . . . . . . . . . . . . Impact Weapon . | . . . . . . . . . . . . . . . . Slashing Weapon . | . . . . . . . . . . . . . . . . Piercing Weapon . | . . . . . . . . . . . . . . . . Special Melee Weapon . | . . . . . . . . . . . . . . . . Unidentified Prototypes 9 | . 1 . . 1 2 . 4 . 1 . . . . . . Corrupted Parts 2 | . . . . . . . . . . . . 2 . . . System Corruption 20 | . . . . . . . . . . . . 20 . . . Parts Lost 8 | . . . . . . . 1 . 1 . . 1 . 3 2 Power 1 | . . . . . . . . . . . . . . . 1 Propulsion . | . . . . . . . . . . . . . . . . Utility 7 | . . . . . . . 1 . 1 . . 1 . 3 1 Weapon . | . . . . . . . . . . . . . . . . Highest Loss Streak 1 | . . . . . . . 1 . 1 . . 1 . 1 1 To Critical Strikes . | . . . . . . . . . . . . . . . . Average Backups 2 | . . 1 1 1 1 1 3 3 2 3 3 4 4 4 4 Power . | . . . . . . . . . . . . . . . . Propulsion . | . . . . . . . . . . . . . . . . Utility 1 | . . . . . . 1 2 2 1 1 1 1 . . . Weapon 1 | . . 1 1 1 . . . . 1 2 2 3 3 3 3 Tool/Special . | . . . . . . . . . . . . . . . . Unused Backups 8 | . . . . . 1 . 2 1 1 . . . . . 3 Power 1 | . . . . . . . . 1 . . . . . . . Propulsion . | . . . . . . . . . . . . . . . . Utility 1 | . . . . . 1 . . . . . . . . . . Weapon 4 | . . . . . . . 1 . 1 . . . . . 2 Tool/Special 2 | . . . . . . . 1 . . . . . . . 1 Average Slot Usage (%) 86 | . 99 100 100 100 95 92 92 83 75 76 76 75 90 93 68 Engine 4 | . 17 14 14 13 8 10 8 . . . . . . . . Core 6 | . . . . . . . 3 11 11 11 11 11 11 11 11 Wheel 6 | . 17 14 14 13 8 6 6 5 5 5 5 5 5 5 5 Device 19 | . 11 14 14 17 24 23 30 23 12 11 11 11 19 22 17 Storage 2 | . 16 14 14 13 6 . . . . . . . . . . Processor 7 | . . . . . 5 17 12 11 6 5 5 5 5 5 5 Hackware 10 | . . . . . 13 13 12 11 11 11 11 11 11 11 11 Protection 10 | . . 11 14 13 10 6 5 5 13 17 17 15 23 22 6 Energy Gun 3 | . 34 21 27 25 1 . . . . . . . . . . Energy Cannon 8 | . . . . . 14 13 11 11 6 5 5 5 5 6 8 Launcher 2 | . . 7 . 1 . . . . 3 5 5 5 5 3 . Peak Build Rating 85 | 4 9 14 14 21 48 61 71 83 85 83 83 83 85 85 74 Average Rating 64 | 3 6 12 12 15 34 55 68 77 84 83 83 74 82 84 66 On Entrance 50 | . 4 9 14 12 21 48 61 71 83 83 83 83 80 85 74 Avg Prop Armor Cover (%) 8 | . . . . . 8 . . . . . . . . . . Naked Turns . | . . . . . . . . . . . . . . . . Heaviest Build 105 | 9 19 32 32 32 46 65 71 83 105 101 101 101 81 81 56 Greatest Support 28 | 16 16 16 16 16 28 28 28 28 28 28 28 28 28 28 28 Greatest Overweight (x) 12 | . 1 1 1 1 12 2 2 2 3 3 3 3 2 2 1 Average Overweight (x) 1 | . . 1 1 1 1 1 1 2 2 3 3 2 2 1 . Largest Inventory Capacity 4 | . 1 1 1 1 1 3 4 4 4 4 4 4 4 4 4 Average Capacity 3 | . . 1 1 1 1 2 3 4 4 4 4 4 4 4 4 Most Carried 4 | . 1 1 1 1 1 3 4 4 4 4 4 4 4 4 4 Average Carried 2 | . . 1 1 1 . 1 3 3 3 3 4 3 3 4 4 Final Capacity 4 | . 1 1 1 1 1 3 4 4 4 4 4 4 4 4 4 Final Carried 4 | . 1 1 1 1 1 2 3 4 3 4 4 4 4 4 4 Class Distribution -------------------- 85% | Hacker-Mutant 14% | Mutant Dominant Class ---------------- Mutant | -10/Materials Mutant | -10/Mines Mutant | -10/Exiles Mutant | -9/Mines Hacker-Mutant | -8/Materials Hacker-Mutant | -8/Garrison Hacker-Mutant | -7/Factory Hacker-Mutant | -7/Waste Hacker-Mutant | -7/Factory Hacker-Mutant | -7/Lower Caves Hacker-Mutant | -7/Lower Caves Hacker-Mutant | -7/Data Miner Hacker-Mutant | -6/Proximity Caves Hacker-Mutant | -6/Factory Hacker-Mutant | -6/Waste Resources | -11 -10 -10 -10 -9 -8 -8 -7 -7 -7 -7 -7 -7 -6 -6 -6 ----------- Run | Yrd Mat Min Exi Min Mat Gar Fac Was Fac Low Low Dat Pro Fac Was Matter Collected 3851 | 250 400 20 . 56 384 80 458 81 1216 161 189 124 235 197 . Remotely . | . . . . . . . . . . . . . . . . Salvage Created 21629 | . 642 24 . 4 2620 871 3754 1529 8022 461 547 443 1336 668 708 Parts 1083 | . 64 3 . 10 178 62 187 34 370 24 33 20 42 51 5 Haulers Intercepted 16 | . 2 . . . 5 . 4 . 5 . . . . . . Recyclers Shooed 8 | . 1 . . . 1 . 2 . 1 . . . . 3 . Parts Field Recycled . | . . . . . . . . . . . . . . . . Retrieved Matter . | . . . . . . . . . . . . . . . . Parts Self-Destructed 15 | . . . . . . . . . . 8 6 . 1 . . Prevented 69 | . . . . . . . . . . 12 22 . 35 . . Parts Restored . | . . . . . . . . . . . . . . . . Kills | -11 -10 -10 -10 -9 -8 -8 -7 -7 -7 -7 -7 -7 -6 -6 -6 ------- Run | Yrd Mat Min Exi Min Mat Gar Fac Was Fac Low Low Dat Pro Fac Was Combat Hostiles Destroyed 368 | . 18 . . 5 54 23 69 6 133 7 18 4 20 9 2 Guns 23 | . 14 . . 2 7 . . . . . . . . . . Cannons 162 | . . . . . 46 23 47 5 31 1 . . . 7 2 AOE 109 | . 4 . . 3 . . 12 . 61 4 14 . 10 1 . Classes Destroyed 26 | . 9 . . . 9 1 . 2 1 3 1 . . . . Worker 15 | . 2 . . . 3 . 4 . 4 . . . . 2 . Builder 13 | . 2 1 . . 3 . 2 . 4 . . . . 1 . Tunneler 3 | . 1 . . . . . . . 2 . . . . . . Hauler 16 | . 2 . . . 5 . 4 . 5 . . . . . . Recycler 8 | . . . . . 2 . 5 . 1 . . . . . . Minesweeper 2 | . . . . . . . . . . 1 . . 1 . . Mechanic 5 | . . . . . . . . . 5 . . . . . . Operator 9 | . 2 . . . 3 . 1 . 2 . . . . 1 . Watcher 8 | . 1 . . . . 1 1 . 4 . . . . 1 . Swarmer 48 | . 12 . . 3 7 6 7 . . . 12 . 1 . . Cutter 3 | . . . . . 3 . . . . . . . . . . Grunt 147 | . 5 . . 2 19 4 28 . 72 4 2 . 11 . . Brawler 16 | . . . . . 2 . 3 . 8 . . . 3 . . Duelist 14 | . . . . . 1 . 3 . 7 . . . 3 . . Protector 12 | . . . . . 1 . 2 . 8 . . . 1 . . Sentry 39 | . . . . . 8 9 11 . 8 1 1 . 1 . . Specialist 15 | . . . . . 10 1 2 . 2 . . . . . . Hunter 26 | . . . . . 2 2 2 . 14 1 1 . . 4 . Programmer 26 | . . . . . . 1 10 . 13 . . . . 2 . Heavy 4 | . . . . . 1 . 1 . 1 . . . . 1 . Behemoth 2 | . . . . . . . . . . 1 . . . 1 . Compactor 8 | . . . . . . . . 6 . . . . . . 2 Enhanced Grunt 4 | . . . . . . . . . . . . 4 . . . Tracker 1 | . . . . . . . . . . . . . . 1 . Subdweller 1 | . 1 . . . . . . . . . . . . . . Thief 2 | . . . . . . . . . . . 2 . . . . Martyr 2 | . . . . . . . . 2 . . . . . . . Mutant 1 | . . . . . . . . . . 1 . . . . . Best Kill Streak 28 | . 6 1 . 3 7 5 9 1 28 3 4 4 10 6 1 Combat Bots Only 27 | . 4 . . 3 7 4 8 1 27 3 4 4 10 3 1 Max Kills in Single Turn 5 | . 3 1 . 3 2 1 2 1 3 1 2 1 2 5 1 Gunslinging 1 | . 1 . . . . . . . . . . . . . . Exploded 3 | . 2 . . 3 . . 2 . 3 1 2 . 2 1 . Melee . | . . . . . . . . . . . . . . . . Uniques/NPCs Destroyed . | . . . . . . . . . . . . . . . . Combat | -11 -10 -10 -10 -9 -8 -8 -7 -7 -7 -7 -7 -7 -6 -6 -6 -------- Run | Yrd Mat Min Exi Min Mat Gar Fac Was Fac Low Low Dat Pro Fac Was Hostile Shots Fired 1523 | . 66 . . 7 174 72 459 . 434 46 30 17 30 184 4 Missed 487 | . 17 . . 1 61 17 165 . 144 15 8 9 10 40 . Hits 1036 | . 49 . . 6 113 55 294 . 290 31 22 8 20 144 4 Melee 33 | . . . . . 4 . 9 . 13 . 2 . 1 . 4 Projectile 1003 | . 49 . . 6 109 55 285 . 277 31 20 8 19 144 . AOE 3 | . . . . . 1 . 2 . . . . . . . . Critical Strikes 43 | . 1 . . . 6 4 12 . 8 . . . 1 8 3 Actively Blocked 30 | . . . . . 1 . 9 . 8 . . . 1 8 3 Part Disruptions 1 | . . . . . . . 1 . . . . . . . . Actively Blocked 1 | . . . . . . . 1 . . . . . . . . Damage Taken 12405 | . 564 81 . 89 1499 410 2700 . 3279 384 299 382 294 2207 217 Core 7359 | . 472 52 . 66 1069 276 1842 . 1415 181 114 181 189 1317 185 Absorbed by Shields 1782 | . . . . . 334 216 979 . 51 . . . 64 125 13 Redirected to Core 5946 | . 293 52 . 49 810 222 1468 . 1313 135 113 131 166 1068 126 Redirected to Shielding 223 | . . . . . 28 . . . 125 9 . . 14 47 . Ignored by Resistances 3359 | . . . . . 163 87 367 . 1514 234 298 . 120 576 . Core Remaining (%) 98 | 100 . . . 100 . 99 . . . . . . 95 . . Volleys Fired 1101 | . 88 2 1 8 159 41 191 45 317 26 35 13 32 102 41 Largest 2 | . 2 2 2 2 2 2 2 2 2 2 1 1 1 2 2 Hottest 180 | . 80 80 80 80 150 170 180 180 90 136 46 90 90 180 180 Shots Fired 1638 | . 169 3 2 14 281 79 332 83 377 32 35 13 32 124 62 Gun 223 | . 162 2 2 13 44 . . . . . . . . . . Cannon 1104 | . . . . . 237 79 302 83 222 9 8 1 1 100 62 Launcher 311 | . 7 1 . 1 . . 30 . 155 23 27 12 31 24 . Special . | . . . . . . . . . . . . . . . . Kinetic 11 | . . . . . 11 . . . . . . . . . . Thermal 1106 | . . . . . 239 79 302 83 222 9 8 1 1 100 62 Explosive 15 | . 7 1 . 1 . . 6 . . . . . . . . Electromagnetic 506 | . 162 2 2 13 31 . 24 . 155 23 27 12 31 24 . Robot Hit Streak 32 | . 20 3 . 3 32 17 21 12 31 30 32 7 8 8 14 Robot Miss Streak 6 | . 4 . . 1 3 3 4 2 4 . 5 1 1 6 2 Penetration Max . | . . . . . . . . . . . . . . . . Secondary Targets 8 | . 4 . . 1 3 . . . . . . . . . . Max Gunslinging Chain 1 | . 1 . . 1 1 . . . . . . . . . . Shots Hit Robots 887 | . 58 2 . 7 175 48 211 61 180 23 9 9 14 42 48 Core Hits 643 | . 36 1 . 7 79 22 122 17 246 8 23 9 39 27 7 Critical Kills 2 | . . . . . . . 1 1 . . . . . . . Critical Parts Destroyed . | . . . . . . . . . . . . . . . . Critical Strikes 2 | . . . . . . . 1 1 . . . . . . . Meltdown 2 | . . . . . . . 1 1 . . . . . . . Melee Attacks . | . . . . . . . . . . . . . . . . Impact . | . . . . . . . . . . . . . . . . Slashing . | . . . . . . . . . . . . . . . . Piercing . | . . . . . . . . . . . . . . . . Sneak Attacks . | . . . . . . . . . . . . . . . . Combat Hostiles . | . . . . . . . . . . . . . . . . Follow-up Attacks . | . . . . . . . . . . . . . . . . Damage Inflicted 46534 | . 1402 133 . 212 5064 1631 9587 2141 16110 1144 1207 484 2580 2435 2404 Guns 1330 | . 769 27 . 94 440 . . . . . . . . . . Cannons 22018 | . . . . . 4441 1631 6626 2141 3223 352 . 52 44 1104 2404 Explosions 23186 | . 633 106 . 118 183 . 2961 . 12887 792 1207 432 2536 1331 . Melee . | . . . . . . . . . . . . . . . . Ramming . | . . . . . . . . . . . . . . . . Kinetic 124 | . . . . . 124 . . . . . . . . . . Thermal 24452 | . 142 106 . . 4616 1631 6964 2141 4446 382 78 52 386 1104 2404 Explosive 1669 | . 339 . . 118 46 . 600 . . . . . . 566 . Electromagnetic 20289 | . 921 27 . 94 278 . 2023 . 11664 762 1129 432 2194 765 . Impact . | . . . . . . . . . . . . . . . . Slashing . | . . . . . . . . . . . . . . . . Piercing . | . . . . . . . . . . . . . . . . Highest Corruption 32 | . 1 1 1 1 . . 1 1 1 1 . 20 18 6 32 Average Corruption 4 | . 1 1 1 1 . . 1 1 1 1 . 15 12 2 21 Corruption Purged 17 | . . . . . . . . . 2 1 . 2 9 3 . Corruption Blocked . | . . . . . . . . . . . . . . . . Effects 65 | . 4 2 2 3 . . . 6 4 2 . 2 17 5 18 Message Errors 16 | . 2 1 2 . . . . 1 1 1 . 1 4 2 1 Matter Fused 9 | . . . . . . . . 2 1 . . 1 1 1 3 Heat Flow Errors 8 | . . . . 1 . . . . 1 . . . 5 . 1 Energy Discharges 5 | . . . . . . . . . . 1 . . 3 . 1 Parts Rejected 3 | . 1 . . . . . . . . . . . . 1 1 Data Loss (minor) 6 | . . . . 1 . . . 1 . . . . 1 . 3 Data Loss (major) 2 | . . 1 . 1 . . . . . . . . . . . Misfires 5 | . 1 . . . . . . 1 . . . . 1 . 2 Alerts 2 | . . . . . . . . . . . . . 1 1 . Misdirections 4 | . . . . . . . . . . . . . . . 4 Weapon Failures 5 | . . . . . . . . 1 1 . . . 1 . 2 Overload Shots 90 | . . . . . . . 14 6 27 7 . 1 . 9 26 Effects 6 | . . . . . . . . 2 1 . . . . . 3 Energy Bleed 4 | . . . . . . . . 1 1 . . . . . 2 Heat Surge 2 | . . . . . . . . 1 . . . . . . 1 Overflow Damage 978 | . 33 8 . . 105 79 261 4 216 65 17 . 6 184 . Projectiles 428 | . . . . . 85 79 143 4 68 . . . . 49 . Explosions 550 | . 33 8 . . 20 . 118 . 148 65 17 . 6 135 . Melee . | . . . . . . . . . . . . . . . . Knockbacks . | . . . . . . . . . . . . . . . . Impact . | . . . . . . . . . . . . . . . . Kinetic . | . . . . . . . . . . . . . . . . Secondary . | . . . . . . . . . . . . . . . . Self-Inflicted Damage 627 | . 57 37 . . . . 96 . 75 12 17 . 97 236 . Shots 64 | . 2 1 . . . . 7 . 21 10 8 . 6 9 . Rammed . | . . . . . . . . . . . . . . . . Targets Rammed . | . . . . . . . . . . . . . . . . Kicked . | . . . . . . . . . . . . . . . . Crushed . | . . . . . . . . . . . . . . . . Highest Temperature 360 | . 156 2 . 234 240 103 260 239 238 288 . 28 232 360 341 Average Temperature 63 | . 42 2 . 125 49 28 92 134 38 119 . 21 88 66 136 Received Heat Transfer 2575 | . 102 . . 51 473 146 606 . 952 105 12 . 74 54 . Effects 3 | . . . . . . . . . . . . . 1 1 1 Energy Bleed 2 | . . . . . . . . . . . . . 1 1 . Matter Decay 1 | . . . . . . . . . . . . . . . 1 Siege Activations . | . . . . . . . . . . . . . . . . Martial Activations . | . . . . . . . . . . . . . . . . Shielding Activations . | . . . . . . . . . . . . . . . . Robots Disrupted 2 | . . . . . . . 1 . 1 . . . . . . Combat Hostiles 2 | . . . . . . . 1 . 1 . . . . . . Robots Corrupted 72 | . . . . . 1 . 7 . 42 3 4 4 10 1 . Combat Hostiles 69 | . . . . . 1 . 7 . 41 2 4 4 9 1 . Parts Fried 170 | . 5 . . . . . 14 . 113 3 9 8 14 4 . Impact Corruptions . | . . . . . . . . . . . . . . . . Robots Melted 4 | . . . . . . . 3 1 . . . . . . . Combat Hostiles 4 | . . . . . . . 3 1 . . . . . . . Parts Melted 45 | . 1 . . . 10 3 24 2 5 . . . . . . Heat Transferred 25816 | . 200 200 . . 5825 1776 7539 2446 5147 400 150 50 250 300 1533 Parts Sabotaged . | . . . . . . . . . . . . . . . . Parts Stolen . | . . . . . . . . . . . . . . . . Parts Stripped . | . . . . . . . . . . . . . . . . Power Chain Reactions 44 | . 3 1 . . 2 . 1 . 31 1 2 . 3 . . Alert | -11 -10 -10 -10 -9 -8 -8 -7 -7 -7 -7 -7 -7 -6 -6 -6 ------- Run | Yrd Mat Min Exi Min Mat Gar Fac Was Fac Low Low Dat Pro Fac Was Maximum Alert Level 5 | . 1 . . . 3 4 5 4 5 . . . . 2 . Low Security (%) 23 | 100 80 100 . 100 9 . 23 . . . . . . 85 100 Level 1 14 | . 19 . . . 34 . 24 . . . . . . 9 . Level 2 19 | . . . . . 41 3 19 . 22 . . . . 4 . Level 3 22 | . . . . . 13 68 9 96 37 . . . . . . Level 4 8 | . . . . . . 28 21 3 6 . . . . . . Level 5 6 | . . . . . . . . . 20 . . . . . . High Security 4 | . . . . . . . . . 14 . . . . . . Max Security . | . . . . . . . . . . . . . . . . Sterilizations 2 | . . . . . 1 . . . 1 . . . . . . Peak Influence 3148 | . 306 121 . 123 1069 1288 1709 1100 3148 . . . . 433 145 Initial 1100 | . . 110 . . 20 693 676 1100 586 . . . . 224 143 Average 693 | . 153 90 . 79 446 1017 617 968 1161 . . . . 129 79 Influence Increases 11774 | . 748 30 . 163 2220 595 2409 16 3913 165 405 . 500 604 6 Destroy 0b10 Robot/C 6900 | . 340 . . 100 1080 460 1340 . 2560 140 320 . 380 180 . Destroy 0b10 Robot/NC 455 | . 50 5 . . 85 5 95 . 175 5 . . 10 25 . Destroy Leader 1474 | . 66 . . 20 280 20 390 . 546 20 40 . 20 72 . Allied During Kill 133 | . . . . 3 5 . . . 125 . . . . . . Successful Hack 145 | . 28 . . . 40 14 51 . 12 . . . . . . Disable Machine 1380 | . 225 15 . 30 420 . 300 . 135 . . . . 255 . Anti-Garrison Action 150 | . . . . . . . . . 150 . . . . . . Destroy Structure 702 | . 39 10 . 10 160 51 203 16 135 . . . . 72 6 Partial Spotted 30 | . . . . . 15 15 . . . . . . . . . Lose Combat Pursuer 405 | . . . . . 135 30 30 . 75 . 45 . 90 . . Influence Decreases 12276 | . 464 254 60 110 1206 374 1988 1389 1603 1660 743 1315 143 550 417 Entered New Map 5813 | . . 174 60 . 33 374 612 1111 252 1166 315 1315 . 133 268 Time Decay 4734 | . 464 80 . 110 703 . 756 278 761 494 428 . 143 387 130 Lost Part 69 | . . . . . . . 10 . 10 . . . . 30 19 Lost Ally 160 | . . . . . 20 . 10 . 130 . . . . . . Purge Threat 1500 | . . . . . 450 . 600 . 450 . . . . . . Squads Dispatched 96 | . 1 . . . 11 . 29 . 47 . . . 1 7 . Investigation 6 | . 1 . . . 2 . 2 . 1 . . . . . . Extermination 16 | . . . . . . . 7 . 8 . . . . 1 . Reinforcement 28 | . . . . . 8 . 7 . 8 . . . . 5 . Assault 39 | . . . . . 1 . 8 . 29 . . . 1 . . Garrison 6 | . . . . . . . 5 . 1 . . . . . . Intercept 1 | . . . . . . . . . . . . . . 1 . Searches Triggered . | . . . . . . . . . . . . . . . . Unchained Authorized 1 | . . . . . . . . . . . . . . 1 . Construction Impeded 4 | . . . . . . . 2 . 1 . . . . 1 . Haulers Reinforced 4 | . . . . . . . 1 . 3 . . . . . . Active Scanning Responses . | . . . . . . . . . . . . . . . . Cargo Convoy Interrupts . | . . . . . . . . . . . . . . . . Stealth | -11 -10 -10 -10 -9 -8 -8 -7 -7 -7 -7 -7 -7 -6 -6 -6 --------- Run | Yrd Mat Min Exi Min Mat Gar Fac Was Fac Low Low Dat Pro Fac Was Distress Signals 16 | . . . . . 6 1 4 . 4 . . . . 1 . Communications Jammed . | . . . . . . . . . . . . . . . . Distress Signals . | . . . . . . . . . . . . . . . . Times Spotted 474 | . 27 . . 4 84 25 83 6 169 6 19 4 22 19 6 Peak Tracking Total 16 | . 4 . 9 3 6 5 10 3 16 3 4 3 7 6 6 Tactical Retreats 22 | . . . . . 9 1 2 . 3 . 2 . 4 . 1 Traps | -11 -10 -10 -10 -9 -8 -8 -7 -7 -7 -7 -7 -7 -6 -6 -6 ------- Run | Yrd Mat Min Exi Min Mat Gar Fac Was Fac Low Low Dat Pro Fac Was Traps Triggered 15 | . 3 1 . . 2 1 4 . 3 . . . . 1 . Indirectly 5 | . . . . . . . 3 . 2 . . . . . . Trap Hack Attempts . | . . . . . . . . . . . . . . . . Triggered . | . . . . . . . . . . . . . . . . Disarmed . | . . . . . . . . . . . . . . . . Reprogrammed . | . . . . . . . . . . . . . . . . Reused . | . . . . . . . . . . . . . . . . Traps Extracted . | . . . . . . . . . . . . . . . . Installed . | . . . . . . . . . . . . . . . . Triggered . | . . . . . . . . . . . . . . . . Most Traps Carried 1 | . . . . . . . . . . 1 1 . . . . Machines | -11 -10 -10 -10 -9 -8 -8 -7 -7 -7 -7 -7 -7 -6 -6 -6 ---------- Run | Yrd Mat Min Exi Min Mat Gar Fac Was Fac Low Low Dat Pro Fac Was Machines Disabled 97 | . 15 1 1 2 28 . 20 . 10 . 2 . 1 17 . Max in Single Turn 11 | . 2 1 1 1 2 . 4 . 2 . 2 . 1 11 . Garrison Access 7 | . . . . . . . 3 . 3 . . . . 1 . Machines Repaired . | . . . . . . . . . . . . . . . . Machines Dismantled . | . . . . . . . . . . . . . . . . Machines Sabotaged . | . . . . . . . . . . . . . . . . Overloaded Fab Kills . | . . . . . . . . . . . . . . . . Hacking | -11 -10 -10 -10 -9 -8 -8 -7 -7 -7 -7 -7 -7 -6 -6 -6 --------- Run | Yrd Mat Min Exi Min Mat Gar Fac Was Fac Low Low Dat Pro Fac Was Machines Accessed 57 | . 6 1 1 . 12 1 17 . 15 . 1 2 . 1 . Terminals 36 | . 6 . . . 10 1 11 . 8 . . . . . . Fabricators 4 | . . . . . . . 1 . 3 . . . . . . Repair Stations . | . . . . . . . . . . . . . . . . Recycling Units . | . . . . . . . . . . . . . . . . Scanalyzers 5 | . . . . . 1 . 2 . 2 . . . . . . Garrison Access 7 | . . . . . 1 . 3 . 2 . . . . 1 . Total Hacks 147 | . 12 1 1 . 32 1 43 . 36 . 1 18 . 2 . Successful 92 | . 7 1 1 . 20 1 25 . 17 . 1 18 . 1 . Failed 55 | . 5 . . . 12 . 18 . 19 . . . . 1 . Catastrophic 8 | . 1 . . . 1 . 3 . 3 . . . . . . Database Lockouts . | . . . . . . . . . . . . . . . . Manual 71 | . 10 . . . 26 1 16 . 18 . . . . . . Terminals 97 | . 12 . . . 28 1 33 . 23 . . . . . . Fabricators 9 | . . . . . . . 3 . 6 . . . . . . Repair Stations . | . . . . . . . . . . . . . . . . Recycling Units . | . . . . . . . . . . . . . . . . Scanalyzers 7 | . . . . . 2 . 3 . 2 . . . . . . Garrison Access 13 | . . . . . 2 . 4 . 5 . . . . 2 . Terminal Hacks 48 | . 1 1 1 . 5 1 15 . 5 . 1 18 . . . Record 1 | . . . 1 . . . . . . . . . . . . Part Schematic 9 | . . . . . . . . . . . . 9 . . . Robot Schematic 6 | . . . . . . . . . . . . 6 . . . Robot Analysis 1 | . 1 . . . . . . . . . . . . . . Prototype ID Bank 6 | . . . . . 1 . 2 . . . . 3 . . . Open Door 2 | . . 1 . . . . . . . . 1 . . . . Branch Access Points 1 | . . . . . . . 1 . . . . . . . . Alert Level 3 | . . . . . . . 2 . 1 . . . . . . Unreport Threat 10 | . . . . . 3 . 4 . 3 . . . . . . Locate Traps 2 | . . . . . 1 . 1 . . . . . . . . Hauler Manifests 4 | . . . . . . . 4 . . . . . . . . Registered Prototypes 2 | . . . . . . . 1 . 1 . . . . . . Garrison Registry 1 | . . . . . . 1 . . . . . . . . . Fabricator Hacks 6 | . . . . . . . 3 . 3 . . . . . . Network Status 4 | . . . . . . . 1 . 3 . . . . . . Load Schematic 1 | . . . . . . . 1 . . . . . . . . Build 1 | . . . . . . . 1 . . . . . . . . Repair Station Hacks . | . . . . . . . . . . . . . . . . Recycling Unit Hacks . | . . . . . . . . . . . . . . . . Scanalyzer 7 | . . . . . 2 . 3 . 2 . . . . . . Insert Component 1 | . . . . . . . 1 . . . . . . . . Analyze 1 | . . . . . . . 1 . . . . . . . . Retrieve Study 5 | . . . . . 2 . 1 . 2 . . . . . . Garrison Access Hacks 7 | . . . . . 1 . 3 . 2 . . . . 1 . Unlock Access 1 | . . . . . 1 . . . . . . . . . . Seal Access 6 | . . . . . . . 3 . 2 . . . . 1 . Unauthorized Hacks 24 | . 6 . . . 12 . 1 . 5 . . . . . . Terminals 22 | . 6 . . . 12 . 1 . 3 . . . . . . Assimilate 1 | . . . . . . . 1 . . . . . . . . Botnet 3 | . 1 . . . 2 . . . . . . . . . . Skim 18 | . 5 . . . 10 . . . 3 . . . . . . Fabricators 2 | . . . . . . . . . 2 . . . . . . Liberate 1 | . . . . . . . . . 1 . . . . . . Haulers 1 | . . . . . . . . . 1 . . . . . . Repair Stations . | . . . . . . . . . . . . . . . . Recycling Units . | . . . . . . . . . . . . . . . . Scanalyzers . | . . . . . . . . . . . . . . . . Garrison Access . | . . . . . . . . . . . . . . . . Data Cores Recovered 6 | . 2 . . . 2 . 1 . 1 . . . . . . Used 1 | . . . . . . . . . 1 . . . . . . Hacking Detections 39 | . 4 . . . 10 1 12 . 12 . . . . . . Full Trace Events 3 | . . . . . . . 2 . 1 . . . . . . Feedback Events . | . . . . . . . . . . . . . . . . Feedback Blocked . | . . . . . . . . . . . . . . . . Robot Schematics Acquired 6 | . . . . . . . . . . . . 6 . . . Robots Built . | . . . . . . . . . . . . . . . . Authchips . | . . . . . . . . . . . . . . . . Time . | . . . . . . . . . . . . . . . . Total Robot Build Rating . | . . . . . . . . . . . . . . . . Part Schematics Acquired 10 | . . . . . . . 1 . . . . 9 . . . Parts Built 2 | . . . . . . . 2 . . . . . . . . Authchips . | . . . . . . . . . . . . . . . . Time 84 | . . . . . . . 84 . . . . . . . . Total Part Build Rating 8 | . . . . . . . 8 . . . . . . . . Part Studies Acquired 5 | . . . . . 2 . 1 . 2 . . . . . . Parts Repaired . | . . . . . . . . . . . . . . . . Time . | . . . . . . . . . . . . . . . . Parts Recycled . | . . . . . . . . . . . . . . . . Recycled Matter . | . . . . . . . . . . . . . . . . Retrieved Matter . | . . . . . . . . . . . . . . . . Retrieved Components . | . . . . . . . . . . . . . . . . Parts Scanalyzed 1 | . . . . . . . 1 . . . . . . . . Part Schematics Acquired 1 | . . . . . . . 1 . . . . . . . . Parts Damaged . | . . . . . . . . . . . . . . . . Bothacking | -11 -10 -10 -10 -9 -8 -8 -7 -7 -7 -7 -7 -7 -6 -6 -6 ------------ Run | Yrd Mat Min Exi Min Mat Gar Fac Was Fac Low Low Dat Pro Fac Was Used RIF Installer . | . . . . . . . . . . . . . . . . Robots Hacked . | . . . . . . . . . . . . . . . . Non-combat . | . . . . . . . . . . . . . . . . Combat . | . . . . . . . . . . . . . . . . Robot Hacks Applied . | . . . . . . . . . . . . . . . . Relay Couplers Released 4 | . . . . . . 2 2 . . . . . . . . Programmers 4 | . . . . . . 2 2 . . . . . . . . Fabnet Peak Effective % . | . . . . . . . . . . . . . . . . Robots Rewired . | . . . . . . . . . . . . . . . . Allies Hacked . | . . . . . . . . . . . . . . . . Hacks Repelled . | . . . . . . . . . . . . . . . . Allies | -11 -10 -10 -10 -9 -8 -8 -7 -7 -7 -7 -7 -7 -6 -6 -6 -------- Run | Yrd Mat Min Exi Min Mat Gar Fac Was Fac Low Low Dat Pro Fac Was Total Allies 23 | . . . . 1 . . 1 18 3 . . . . . . Largest Group 18 | . . . . 1 1 . 1 18 16 . . . . . . Highest-Rated Group 444 | . . . . 31 31 . 10 444 374 . . . . . . Highest-Rated Ally 35 | . . . . 31 31 . 10 35 31 . . . . . . Total Orders 1 | . . . . . . . 1 . . . . . . . . STAY 1 | . . . . . . . 1 . . . . . . . . Ally Attacks 94 | . . . . . 19 . . . 75 . . . . . . Total Damage 1140 | . . . . . 188 . . . 952 . . . . . . Kills 5 | . . . . . 1 . . . 4 . . . . . . Allies Corrupted . | . . . . . . . . . . . . . . . . Allies Melted . | . . . . . . . . . . . . . . . . Intel | -11 -10 -10 -10 -9 -8 -8 -7 -7 -7 -7 -7 -7 -6 -6 -6 ------- Run | Yrd Mat Min Exi Min Mat Gar Fac Was Fac Low Low Dat Pro Fac Was Active Infowar (turns) 1772 | . . . . 19 537 . 1216 . . . . . . . . Sensors 19 | . . . . 19 . . . . . . . . . . . Machine Analysis 537 | . . . . . 537 . . . . . . . . . . Cloaking 1216 | . . . . . . . 1216 . . . . . . . . Robot Analysis Total 154 | . 1 . . . . . . . . . . 153 . . . Derelict Logs Recovered 7 | . . 1 . . . . . . . 3 1 . 2 . . Drone Launches . | . . . . . . . . . . . . . . . . Drone Recoveries . | . . . . . . . . . . . . . . . . Exploration | -11 -10 -10 -10 -9 -8 -8 -7 -7 -7 -7 -7 -7 -6 -6 -6 ------------- Run | Yrd Mat Min Exi Min Mat Gar Fac Was Fac Low Low Dat Pro Fac Was Turns Passed 19402 | 37 1211 174 148 220 3040 722 4137 604 4912 1313 1044 194 411 967 268 Spaces Moved 11031 | 32 861 142 125 154 1884 428 2183 321 2275 917 661 114 267 539 128 Core 14 | 5 . . . . 9 . . . . . . . . . . Treads . | . . . . . . . . . . . . . . . . Legs . | . . . . . . . . . . . . . . . . Wheels 11017 | 27 861 142 125 154 1875 428 2183 321 2275 917 661 114 267 539 128 Hover . | . . . . . . . . . . . . . . . . Flight . | . . . . . . . . . . . . . . . . Fastest Speed 50 | 50 100 115 115 115 115 115 105 120 120 135 135 105 120 105 90 Average Speed 122 | 92 103 115 115 115 121 123 120 120 127 135 135 125 120 119 104 Slowest Speed 650 | 100 115 115 115 115 650 130 130 120 135 135 135 135 120 120 105 Overloaded Moves . | . . . . . . . . . . . . . . . . Propulsion Burnouts . | . . . . . . . . . . . . . . . . Robots Hopped . | . . . . . . . . . . . . . . . . Potential Cave-ins 4 | . . . . . . . . . 2 . . . . . 2 Cave-ins Triggered . | . . . . . . . . . . . . . . . . Exploration Rate (%) 62 | 4 94 27 48 42 92 63 70 87 80 96 77 78 50 18 68 Regions Visited 15 Branch Regions 7 Pre-discovered Areas 35 | . 2 . 1 1 3 . . . . . . 28 . . . Known Exits Taken 5 | . . 1 . . 1 . . . 1 1 . . 1 . . Unknown Exits Taken 6 | 1 1 . 1 1 . . . . . . 1 1 . . . Scrap Searched 10 | . . 1 . 2 . . . . . 3 2 . 2 . . Spaces Dug 88 | . . . . . 2 . 12 4 38 1 2 . . 28 1 Terrain Destroyed 774 | . 40 13 . 15 178 11 210 17 145 6 14 . 17 100 8 Melee . | . . . . . . . . . . . . . . . . Projectile 285 | . . . . . 37 11 64 17 77 2 2 . . 67 8 AOE 489 | . 40 13 . 15 141 . 146 . 68 4 12 . 17 33 . Terrain Rammed . | . . . . . . . . . . . . . . . . Walls Destroyed . | . . . . . . . . . . . . . . . . Machines Disabled . | . . . . . . . . . . . . . . . . Actions | -11 -10 -10 -10 -9 -8 -8 -7 -7 -7 -7 -7 -7 -6 -6 -6 --------- Run | Yrd Mat Min Exi Min Mat Gar Fac Was Fac Low Low Dat Pro Fac Was Total 15231 | 37 1008 150 126 181 2349 543 3348 459 3904 960 778 151 325 717 195 Wait 2421 | . 23 3 . . 173 21 788 81 1157 7 64 7 7 66 24 Move 11016 | 31 860 141 124 153 1883 425 2183 320 2274 916 660 113 266 539 128 Hop . | . . . . . . . . . . . . . . . . Pick Up 25 | . 1 1 . . 2 2 9 3 3 1 1 1 1 . . Fast Attach 79 | 5 7 1 . 2 32 5 14 1 7 . . 3 . 1 1 Attach 3 | . . . . . . 1 1 . . . . . 1 . . Detach . | . . . . . . . . . . . . . . . . Swap 38 | . 5 1 1 2 . 2 17 . 6 . . 1 . 3 . Drop 77 | 1 5 1 . 1 27 6 19 5 10 . 1 1 . . . Fire 1101 | . 88 2 1 8 159 41 191 45 317 26 35 13 32 102 41 Melee . | . . . . . . . . . . . . . . . . Ram 1 | . . . . . . . . . . . . . . . 1 Kick . | . . . . . . . . . . . . . . . . Crush . | . . . . . . . . . . . . . . . . Escape Stasis 16 | . . . . . . 8 . . 8 . . . . . . Rewire . | . . . . . . . . . . . . . . . . Trap . | . . . . . . . . . . . . . . . . Miscellaneous 454 | . 19 . . 15 73 32 126 4 122 10 17 12 18 6 . Route ------- -11/Scrapyard -10/Materials (discovered 5 exits: *Mat x3 / *Min x2) -10/Mines (discovered 4 exits: *Mat x2 / *Exi / Sub) -10/Exiles -9/Mines -8/Materials (discovered 6 exits: *Fac x3 / [*Sto x2] / Gar) -8/Garrison (discovered 3 exits: *Fac x3) -7/Factory (discovered 4 exits: *Fac x2 / *Low x2) -7/Waste -7/Factory (discovered 6 exits: *Fac x4 / *Low x2) -7/Lower Caves -7/Lower Caves (discovered 2 exits: *Fac / *Dat) -7/Data Miner -6/Proximity Caves -6/Factory (discovered 2 exits: Fac / Low) -6/Waste (discovered 1 exit: [*Fac]) History --------- Turn | Location | Event 7 | -11/Scrapyard | Upgraded with Weapon slot (x1) 23 | -11/Scrapyard | Discovered new exit (range 16) 38 | -11/Scrapyard | Entered Materials 203 | -10/Materials | Discovered new exit (range 8) 259 | -10/Materials | Discovered new exit (range 7) 310 | -10/Materials | Build established: Mutant 310 | -10/Materials | Discovered new exit (range 9) 378 | -10/Materials | Upgraded with Utility slot (x1) 461 | -10/Materials | Reached level 2 551 | -10/Materials | Discovered new exit (range 12) 598 | -10/Materials | Discovered new exit (range 6) 696 | -10/Materials | Learned 4 Subcaves zone layouts 772 | -10/Materials | Learned Storage stockpile data 837 | -10/Materials | Learned 2 Mines zone layouts 838 | -10/Materials | Derelicts attacked the area 893 | -10/Materials | Learned 2 Mines zone layouts 939 | -10/Materials | Learned location of Mines (-10) 1019 | -10/Materials | Learned 2 Mines zone layouts 1074 | -10/Materials | Loaded intel: 11 trap records 1115 | -10/Materials | Reached level 3 1249 | -10/Materials | Entered Mines 1250 | -10/Mines | Identified exit to Exiles 1250 | -10/Mines | Identified exit to Materials 1250 | -10/Mines | Identified exit to Subcaves 1257 | -10/Mines | Met a Derelict bent on vengeance 1259 | -10/Mines | Learned Materials stockpile data 1265 | -10/Mines | Met a Derelict who couldn't figure out how to use a Trap Extractor 1275 | -10/Mines | Upgraded with Utility slot (x1) 1318 | -10/Mines | Assembled infested the area 1419 | -10/Mines | Deemed a non-threat by the Exiles lab entrance 1423 | -10/Mines | Entered Exiles 1453 | -10/Exiles | Met 8R-AWN 1472 | -10/Exiles | Met EX-HEX 1523 | -10/Exiles | Learned location of Zion (-6) 1524 | -10/Exiles | Met EX-DEC 1533 | -10/Exiles | Attacked by the Exiles 1561 | -10/Exiles | Discovered new exit (range 10) 1571 | -10/Exiles | Entered Mines 1573 | -9/Mines | Reached level 4 1574 | -9/Mines | Escorted by a lone wolf Derelict 1594 | -9/Mines | Learned location of Storage (-8) 1702 | -9/Mines | Found a damaged Exp. Sensor Array with a note attached 1714 | -9/Mines | Found Prototype Device 1714 | -9/Mines | Identified Exp. Sensor Array 1715 | -9/Mines | Upgraded with Utility slot (x1) 1778 | -9/Mines | Discovered new exit (range 12) 1791 | -9/Mines | Entered Materials 1791 | -8/Materials | Accompanied by 1 ally 1793 | -8/Materials | Reached level 5 1897 | -8/Materials | Reached level 6 2057 | -8/Materials | Upgraded with Utility slot (x1) 2075 | -8/Materials | Upgraded with Utility slot (x1) 2187 | -8/Materials | Discovered new exit (range 13) 2341 | -8/Materials | Reached level 7 2506 | -8/Materials | Upgraded with Utility slot (x1) 2544 | -8/Materials | Upgraded with Utility slot (x1) 2644 | -8/Materials | Discovered new exit (range 3) 2651 | -8/Materials | Discovered new exit (range 15) 2709 | -8/Materials | Learned location of 2 exits from Factory 2771 | -8/Materials | Learned location of Extension (-5) 2821 | -8/Materials | Identified exit to Factory 2862 | -8/Materials | Learned Factory trap positions 2869 | -8/Materials | Discovered new exit (range 9) 2879 | -8/Materials | Reached level 8 2893 | -8/Materials | Learned 4 Recycling zone layouts 2916 | -8/Materials | Learned 4 Recycling zone layouts 2948 | -8/Materials | Learned location of 2 exits from Factory 2989 | -8/Materials | Learned Storage security intel 3099 | -8/Materials | Build established: Hacker-Mutant 3234 | -8/Materials | Upgraded with Propulsion slot (x1) 3311 | -8/Materials | Reached level 9 3430 | -8/Materials | Identified exit to Garrison 3431 | -8/Materials | Learned Factory trap positions 3498 | -8/Materials | Learned Storage stockpile data 3518 | -8/Materials | Learned Factory scanalyzer intel 3529 | -8/Materials | Learned Factory security intel 3530 | -8/Materials | Learned location of 1 exit from Storage 3542 | -8/Materials | Learned 2 Lower Caves zone layouts 3594 | -8/Materials | Learned Factory trap positions 4029 | -8/Materials | Reached level 10 4549 | -8/Materials | Reached level 11 4551 | -8/Materials | Upgraded with Utility slot (x1) 4591 | -8/Materials | First assault squad dispatched 4676 | -8/Materials | Sterilization system engaged 4676 | -8/Materials | Non-combat units ordered to evacuate 4706 | -8/Materials | Destroyed 7 combat bots 4776 | -8/Materials | Combat units ordered to evacuate 4831 | -8/Materials | Entered Garrison 4847 | -8/Garrison | Triggered checkpoint 4923 | -8/Garrison | Triggered checkpoint 4959 | -8/Garrison | Triggered checkpoint 4961 | -8/Garrison | Reached level 12 5036 | -8/Garrison | Discovered exit to Factory (range 45) 5036 | -8/Garrison | Discovered exit to Factory (range 70) 5036 | -8/Garrison | Discovered exit to Factory (range 14) 5181 | -8/Garrison | Upgraded with Power slot (x1) 5275 | -8/Garrison | Attempted to access garrison exit controls, blocked by remote lockdown 5432 | -8/Garrison | Attempted to access garrison exit controls, blocked by remote lockdown 5483 | -8/Garrison | Triggered checkpoint 5553 | -8/Garrison | Entered Factory 5554 | -7/Factory | Identified exit to Lower Caves 5554 | -7/Factory | Identified exit to Factory 5555 | -7/Factory | Loaded intel: 117 trap records 5555 | -7/Factory | Reached level 13 5557 | -7/Factory | Loaded intel: 4 scanalyzer locations 6058 | -7/Factory | Reached level 14 6069 | -7/Factory | Upgraded with Utility slot (x1) 6524 | -7/Factory | Core integrity fell below 50% 7267 | -7/Factory | Reached level 15 7479 | -7/Factory | Garrison activated, responded to threat 7527 | -7/Factory | Fabricated Dynamic Insulation System (x2) 8362 | -7/Factory | Reached level 16 8541 | -7/Factory | Garrison activated, responded to threat 8753 | -7/Factory | First assault squad dispatched 9665 | -7/Factory | Reached level 17 9665 | -7/Factory | High security lockdown imminent 9690 | -7/Factory | Sucked down chute 9690 | -7/Factory | Entered Waste 9694 | -7/Waste | Destroyed 8 combat bots 9729 | -7/Waste | Spotted C-40 Crusher 9751 | -7/Waste | Spotted C-40 Crusher 9757 | -7/Waste | Spotted C-40 Crusher 9783 | -7/Waste | Destroyed C-40 Crusher 9832 | -7/Waste | Spotted C-40 Crusher 9842 | -7/Waste | Destroyed C-40 Crusher 9867 | -7/Waste | Destroyed C-40 Crusher 9881 | -7/Waste | Spotted C-40 Crusher 9893 | -7/Waste | Destroyed C-40 Crusher 9937 | -7/Waste | Spotted C-40 Crusher 9940 | -7/Waste | Destroyed C-40 Crusher 9957 | -7/Waste | Upgraded with Utility slot (x1) 9967 | -7/Waste | Found Damper Plating 10033 | -7/Waste | Destroyed C-40 Crusher 10117 | -7/Waste | Warlord forces began an assault 10181 | -7/Waste | Discovered new exit (range 14) 10294 | -7/Waste | Entered Factory 10294 | -7/Factory | Accompanied by 16 allies 10295 | -7/Factory | Loaded intel: 92 trap records 10358 | -7/Factory | Discovered exit to Lower Caves (range 7) 10498 | -7/Factory | Lost 12 allies 10498 | -7/Factory | Discovered exit to Factory (range 13) 10694 | -7/Factory | First assault squad dispatched 10844 | -7/Factory | Lost 3 allies 10846 | -7/Factory | Destroyed 7 combat bots 10912 | -7/Factory | Destroyed 8 combat bots 11235 | -7/Factory | Discovered exit to Factory (range 9) 11392 | -7/Factory | Discovered exit to Factory (range 15) 12303 | -7/Factory | Reached level 18 12609 | -7/Factory | Discovered exit to Factory (range 15) 13198 | -7/Factory | Garrison activated, responded to threat 13399 | -7/Factory | Discovered exit to Lower Caves (range 5) 14512 | -7/Factory | High security lockdown imminent 14592 | -7/Factory | High security lockdown engaged 14850 | -7/Factory | Destroyed 8 combat bots 14951 | -7/Factory | Reached level 19 14975 | -7/Factory | Destroyed 13 combat bots 15040 | -7/Factory | Destroyed 7 combat bots 15144 | -7/Factory | Sterilization system engaged 15144 | -7/Factory | Non-combat units ordered to evacuate 15166 | -7/Factory | Destroyed 27 combat bots 15206 | -7/Factory | Entered Lower Caves 15417 | -7/Lower Caves | Attracted the attention of an 0b10 checkpoint 15611 | -7/Lower Caves | Spotted B-75 Beast 15681 | -7/Lower Caves | Destroyed B-75 Beast 15825 | -7/Lower Caves | Identified exit to Lower Caves 15854 | -7/Lower Caves | Found DCF Scrap (14 items) 16182 | -7/Lower Caves | Learned location of 2 exits from Factory 16330 | -7/Lower Caves | Encountered a Warlord checkpoint 16519 | -7/Lower Caves | Entered another Lower Caves area 16695 | -7/Lower Caves | Discovered exit to Factory (range 16) 16701 | -7/Lower Caves | Attracted the attention of an 0b10 checkpoint 16957 | -7/Lower Caves | Spotted B-75 Beast 17335 | -7/Lower Caves | Learned Factory interactive machine intel 17350 | -7/Lower Caves | Discovered new exit (range 11) 17563 | -7/Lower Caves | Entered Data Miner 17563 | -7/Data Miner | Discovered new exit (range 6) 17589 | -7/Data Miner | Met Data Miner 17636 | -7/Data Miner | Received God Mode back door access code from Data Miner 17651 | -7/Data Miner | Interfaced with the Data Conduit 17724 | -7/Data Miner | System corruption reached 10% 17735 | -7/Data Miner | Found Corrupted Exp. Thermal Shield 17757 | -7/Data Miner | Entered Proximity Caves 17761 | -6/Proximity Caves | Learned Factory emergency access door positions 17786 | -6/Proximity Caves | Spotted B-75 Beast 17987 | -6/Proximity Caves | Reached level 20 18003 | -6/Proximity Caves | Attracted the attention of an 0b10 outpost 18043 | -6/Proximity Caves | Destroyed 10 combat bots 18107 | -6/Proximity Caves | Learned Factory non-interactive machine intel 18161 | -6/Proximity Caves | Discovered exit to Factory (range 5) 18168 | -6/Proximity Caves | Entered Factory 18169 | -6/Factory | Identified exit to Factory 18169 | -6/Factory | Identified exit to Lower Caves 18170 | -6/Factory | Loaded intel: 84 trap records 18172 | -6/Factory | Loaded intel: 345 machine locations 18173 | -6/Factory | Loaded intel: 291 non-interactive machine locations 18174 | -6/Factory | Loaded intel: 54 interactive machine locations 18381 | -6/Factory | Watched by a mysterious "MATRIX" hacker 18402 | -6/Factory | Spotted B-75 Beast 18794 | -6/Factory | Unchained authorized (V4-D3R) 18896 | -6/Factory | Core integrity fell below 50% 18907 | -6/Factory | Destroyed B-75 Beast 18912 | -6/Factory | Core integrity fell below 20% 19042 | -6/Factory | Intercept squad dispatched 19064 | -6/Factory | Spotted Tracker 19093 | -6/Factory | Destroyed Tracker 19132 | -6/Factory | Spotted Combat Programmer 19135 | -6/Factory | Sucked down chute 19135 | -6/Factory | Entered Waste 19150 | -6/Waste | EMP discharged 19150 | -6/Waste | System corruption reached 10% 19164 | -6/Waste | Spotted C-40 Crusher 19165 | -6/Waste | Spotted C-40 Crusher 19213 | -6/Waste | Spotted C-40 Crusher 19227 | -6/Waste | Spotted C-40 Crusher 19232 | -6/Waste | Spotted C-40 Crusher 19233 | -6/Waste | Destroyed C-40 Crusher 19250 | -6/Waste | EMP discharged 19259 | -6/Waste | Destroyed C-40 Crusher 19280 | -6/Waste | Crushed by Compactor (1 part destroyed, 2 dropped) 19334 | -6/Waste | Spotted C-40 Crusher 19350 | -6/Waste | EMP discharged 19350 | -6/Waste | System corruption reached 30% 19357 | -6/Waste | Discovered new exit (range 16) 19399 | -6/Waste | Crushed by Compactor (0 parts destroyed, 1 dropped) 19402 | -6/Waste | Crushed by Compactor (1 part destroyed, 2 dropped) 19403 | -6/Waste | Destroyed by C-40 Crusher with Compactor Last Messages --------------- 19315_ System corrupted: Energy discharge (-200). 19337_ System corrupted: Component data lost. 19340_ ALERT: Foreign system detected. Charging EMP. 19347_ Overload: Energy bleed (-160). 19350_ System corrupted (+8). 19353_ System corrupted: Cld. Particle Cannon failed to cycle. 19356_ System corrupted: Matter fused (-5). 19357_ EXIT=FOUND 19381_ System corrupted: Component data lost. 19388_ Overload: Energy bleed (-175). 19395_ Overload: Heat surge (+165). 19397_ System corrupted: Remote Shield rejected. 19397_ Acquired Remote Shield. 19399_ Cld. Particle Cannon crushed. 19402_ Enh. Nuclear Core crushed. 19402_ Remote Shield crushed. 19402_ Enh. Nuclear Core crushed. Map ----- +----------------------------------------------------+ | ??????????# ######## ####* ???????????? | | ??????????# ??????????? | | ??????????# ??????????? | | ??????????# < ??????????? | | ??????????# ??????????? | | ??????????# ######## #### ??????????? | | ???????# #??????# #?????? ???????????? | | #??????# #??????# #?????????????????????? | | #??????# #??????# #?????????????????????? | | ######## #??????# ###???????????????????? | | #??????# #???????????????????? | | #??????# #???????????????????? | | #??????# #???????????????????? | | #??????# #???????????????????? | | ######## #?????## ###???????????????????? | | #??????# #??????;CC #?????????????????????? | | #??????# #??????;CC #?????????????????????? | | #??????# #??????# #?????????????????????? | | ######## #??????# ###???????????????????? | | #??????# CC #???????????????????? | | #??????# CC #???????????????????? | | #??????# #???????????????????? | | #??????# #???????????????????? | | ######## #??????#CCCC###???????????????????? | | #??????# #??????#CCCC#?????????????????????? | | #??????# #??????# @*#?????????????????????? | | #??????# #??????# ! #?????????????????????? | | #??????# #??????# #?????????????????????? | | ?????? ??????######?????????????????????? | | ????? ????????????????????????????????? | | #???? #???????????????????????????????? | | #???? #???????????????????????????????? | | #???? #???????????????????????????????? | | #???? #???????????????????????????????? | | #????? ??????????????????????????????????? | | #???????????????????????????????????????????? | | ####?????????????????????????????????????????????? | | ?????????????????????????????????????????????????? | | ?????????????????????????????????????????????????? | | ?????????????????????????????????????????????????? | | ?????????????????????????????????????????????????? | | ?????????????????????????????????????????????????? | | ?????????????????????????????????????????????????? | | ?????????????????????????????????????????????????? | | ?????????????????????????????????????????????????? | | ?????????????????????????????????????????????????? | | ?????????????????????????????????????????????????? | | ?????????????????????????????????????????????????? | | ?????????????????????????????????????????????????? | | ?????????????????????????????????????????????????? | +----------------------------------------------------+ Best States ------------- Heat Dissipation 77 Energy Generation 46 Energy Capacity 530 Matter Stores 500 Matter Capacity 500 Sight Range 16 Robot Scan Range 20 Terrain Scan Density 10 Cloak Strength 2 EM Shielding 4 Armor Coverage 1825 Resistance: KI 30 Resistance: TH 30 Resistance: EM 90 Power Shielding 66 Evasion (%) 41 Core Analysis 9 Armor Integrity Analysis 30 Energy Filtering 30 Particle Charging 22 Offensive Hacking 32 Item Schematics ----------------- Dynamic Insulation System | -7/Factory | Scanalyzed Combat Drone Bay | -7/Data Miner | Free Lgt. Regenerative Plating | -7/Data Miner | Free Cld. Aerolev Unit | -7/Data Miner | Free Gravity Neutralizer | -7/Data Miner | Free Com. Ion Cannon | -7/Data Miner | Free Thunder Leg | -7/Data Miner | Free Adv. Shield Generator | -7/Data Miner | Free Lrn. Proton Cannon | -7/Data Miner | Free Antigrav System | -7/Data Miner | Free Robot Schematics ------------------ I-36 Angel | -7/Data Miner | Free S-27 Virus | -7/Data Miner | Free B-48 Gladiator | -7/Data Miner | Free M-22 Extractor | -7/Data Miner | Free G-50 Soldier | -7/Data Miner | Free E-15 Imp | -7/Data Miner | Free Fabricated ------------ Dynamic Insulation System | x2 | -7/Factory Repaired ---------- Nothing Studied --------- Hvy. Particle Cannon | -8/Materials | Hacked Com. Wheel | -8/Materials | Hacked Arm. Huge Wheel | -7/Factory | Hacked Hvy. Shock Bomb Launcher | -7/Factory | Hacked Arc Projector | -7/Factory | Hacked Alien Tech Used ----------------- None Achievements -------------- None Challenges ------------ None RPGLIKE | -11 -10 -10 -10 -9 -8 -8 -7 -7 -7 -7 -7 -7 -6 -6 -6 --------- Run | Yrd Mat Min Exi Min Mat Gar Fac Was Fac Low Low Dat Pro Fac Was Levels Raised 19 | . 2 . . 1 7 1 5 . 2 . . . 1 . . XP Earned 32981 | 3000 3185 575 200 1250 10457 1841 6671 52 3173 142 249 248 841 1051 46 XP Spent 27845 | 500 1650 800 . 1100 13520 1750 3900 3200 . . . . . 1425 . Upgrades 46 | 1 4 1 . 1 18 3 2 1 . . . . . 15 . Power Slot 1 | . . . . . . 1 . . . . . . . . . Propulsion Slot 1 | . . . . . 1 . . . . . . . . . . Utility Slot 10 | . 1 1 . 1 5 . 1 1 . . . . . . . Weapon Slot 1 | 1 . . . . . . . . . . . . . . . Core Integrity 15 | . . . . . . . . . . . . . . 15 . Heat Dissipation 7 | . . . . . 7 . . . . . . . . . . Energy Generation 3 | . . . . . 3 . . . . . . . . . . Inventory Capacity 4 | . 1 . . . . 2 1 . . . . . . . . Ranged Accuracy 2 | . 2 . . . . . . . . . . . . . . Hack Attack % 2 | . . . . . 2 . . . . . . . . . . Protomatter Created 5833 | . 144 . . 96 914 370 1188 177 2152 174 144 86 302 86 . Integrity Restored 8890 | . 367 . . 287 1352 614 2619 71 2310 195 329 258 362 126 . Core 5958 | . 305 . . 285 920 419 1848 . 1415 50 222 204 164 126 . Parts 2932 | . 62 . . 2 432 195 771 71 895 145 107 54 198 . . Protomatter Decayed 1444 | . 11 21 . . 338 94 108 . 711 80 14 . 51 16 . Game ------ Seed SpacefoldMetafiberInterface Manual? 1 Play Time 03:08:13 Cumulative 283.9 hours Start 2026.09.23 @ 17:54:41 End 2026.09.24 @ 01:45:28 Sessions 3 Manual Loads 0 Difficulty Rogue Special Mode Winter2019/RPGLIKE Game No. 190 Rogue 190 Adventurer 0 Explorer 0 Win Type - Total 6 Types 2/0/2/1/0/0/0/1/0/0 Lore% 63 Gallery% 75 Achievement% 59 Wizard Run 0 Options --------- Layout 2 ASCII 0 Keyboard 0 Movement Mouse Keybinds 0 Fullscreen 1 Font 32/Tamsyn Map View 50x44 Zoom Use 0% Tactical HUD 1 Map Filters NONE Filters NONE Steam 1 RUN: 1682be52-bc93-4b4c-8e1b-07ef478d743f